 Dungeon Crawl Stone Soup version 0.21-a0-538-gd16b88a (webtiles) character file.

57 mortelune the Skirmisher (level 4, 0/37 HPs)
             Began as a Formicid Abyssal Knight on Dec 16, 2017.
             Was a Follower of Lugonu.
             Slain by a gnoll
             ... wielding a cursed -2 flail
              (2 damage)
             ... on level 2 of the Dungeon.
             The game lasted 00:05:59 (2213 turns).

mortelune the Skirmisher (Formicid Abyssal Knight)  Turns: 2213, Time: 00:06:00

Health: 0/37       AC: 11    Str: 20    XL:     4   Next: 18%
Magic:  5/5        EV: 11    Int: 12    God:    Lugonu [*.....]
Gold:   133        SH:  0    Dex: 15    Spells: 3/3 levels left

rFire    . . .     SeeInvis +   a - +2 hand axe
rCold    . . .     Gourm    .   (no shield)
rNeg     . . .     Faith    .   l - +0 plate armour
rPois    +         Spirit   .   (helmet unavailable)
rElec    .         Reflect  .   (no cloak)
rCorr    .         Harm     .   (no gloves)
MR       .....                  (no boots)
Stlth    ..........             (no amulet)
HPRegen  0.12/turn              j - +3 ring of strength
MPRegen  0.09/turn              k - ring of poison resistance

@: agile
A: permanent stasis, dig shafts and tunnels, four strong arms, antennae 3
a: Dig, Shaft Self, Depart the Abyss, Renounce Religion


You were on level 2 of the Dungeon.
You worshipped Lugonu.
Lugonu was aware of your devotion.
You were not hungry.

You visited 1 branch of the dungeon, and saw 3 of its levels.
You visited the Abyss 1 time.

You collected 133 gold pieces.

Inventory:

Hand Weapons
 a - a +2 hand axe (weapon)
 i - a +0 hunting sling
Armour
 b - a +0 leather armour
 l - a +0 plate armour (worn)
Jewellery
 j - a +3 ring of strength (left hand)
 k - a ring of poison resistance (right hand)
 n - a +3 ring of evasion
Scrolls
 e - a scroll of remove curse {unknown}
 h - 2 scrolls of enchant weapon
 o - a scroll of magic mapping {unknown}
 p - a scroll of blinking {unknown}
 q - a scroll of teleportation {unknown}
 s - a scroll of amnesia {unknown}
Potions
 d - a potion of agility
 g - a potion of berserk rage {unknown}
Comestibles
 c - 2 bread rations
 f - 3 meat rations
 m - a fruit


   Skills:
 + Level 3.9 Fighting
 + Level 2.8 Axes
 + Level 3.0 Armour
 - Level 1.1 Dodging
 - Level 2.4 Invocations


You had 3 spell levels left.
You didn't know any spells.

Dungeon Overview and Level Annotations

Branches:
Dungeon (3/15)

Altars:

Annotations:
D:3 nht's ghost, weakling OgBe


Innate Abilities, Weirdness & Mutations

You cannot be hasted, slowed, berserked, paralysed or teleported.
You can dig through walls and to a lower floor.
Your four strong arms can wield two-handed weapons with a shield.
You have a pair of large antennae on your head. (SInv)


Message History

The gnoll is severely wounded.
The gnoll hits you with an enchanted flail.
The gnoll barely misses you.
Your plate armour prevents you from hitting the gnoll.
The gnoll is severely wounded.
The gnoll hits you but does no damage.
The gnoll hits you from afar with a spear.
* * * LOW HITPOINT WARNING * * *
The gnoll hits you but does no damage. x2
You see here a bat corpse.
There is a stone staircase leading up here.
The gnoll hits you with an enchanted flail.
* * * LOW HITPOINT WARNING * * *
The gnoll hits you but does no damage.
You climb upwards.
There is a stone staircase leading down here.
It was a potion of agility.
You feel agile all of a sudden.
The gnoll hits you with an enchanted flail.
You die...

.##..............P♣.............#
.........#.....PP♣.♣♣.♣♣PP......#
.........####.##P.♣.♣♣♣♣♣.♣♣....#
......#.......###.PPP♣♣.♣♣.....##
.)....♣♣♣♣..........PP♣P♣.......#
...<.♣♣♣♣♣♣.........#...P........
.....♣.P.♣♣.........##...........
.....♣♣..P♣♣♣.....#..............
##....♣♣♣..♣♣♣.g@...#............
##..##♣♣..[.♣....#.#♣.♣.........
#..♣♣♣..........#..♣.♣.........
#.#♣..P.♣♣♣♣.....#)♣.♣####.....
##.♣..P♣♣♣♣.........♣.♣ #.....
##..♣.P♣#.........###♣.♣ ######
......###............♣.♣ ......#
######...###.♣.♣ ......# #...#
#.♣.♣


You could see a gnoll.

Vanquished Creatures
  An ooze (D:1)
  2 dart slugs (D:1)
  4 leopard geckos
  3 giant cockroaches
  8 goblins
  6 hobgoblins
  3 jackals (D:1)
  2 quokkas (D:3)
  3 bats
  2 frilled lizards
  3 kobolds (D:1)
  2 rats
39 creatures vanquished.

Notes
Turn   | Place    | Note
-------+----------+-------------------------------------------
     0 | Abyss:1  | mortelune the Formicid Abyssal Knight began the quest for the Orb.
     0 | Abyss:1  | Reached XP level 1. HP: 18/18 MP: 2/2
     0 | D:1      | Escaped the Abyss
    35 | D:1      | Reached skill level 1 in Dodging
   130 | D:1      | Reached XP level 2. HP: 22/24 MP: 3/3
   647 | D:1      | Reached XP level 3. HP: 18/29 MP: 4/4
   823 | D:1      | Reached * piety under Lugonu
  1406 | D:2      | Reached XP level 4. HP: 37/37 MP: 5/5
  2049 | D:3      | Noticed nht's ghost (weakling OgBe)
  2213 | D:2      | Slain by a gnoll

Vault maps used:
D:1:      dpeg_arrival_line_fractal, minmay_misc_feat_tower
D:2:      serial_forest, infiniplex_forest_lined_room_,
          infiniplex_forest_clump_C, infiniplex_forest_corner_2,
          infiniplex_forest_straight_3, infiniplex_forest_clump_long,
          infiniplex_forest_clump_curved, infiniplex_forest_join,
          infiniplex_forest_clump_curved, infiniplex_forest_lined_room_3,
          infiniplex_forest_corner_1
D:3:      first_bread, lemuel_angel_altar, uniq_grinder

Skill      XL: |  1  2  3  4 |
---------------+-------------+-----
Dodging        | 1 |  1.1
Armour         | 3 |  3.0
Fighting       | |  3.9
Axes           | |  2.8
Invocations    | |  2.4

Action                   |  1- 3 |  4- 6 || total
-------------------------+-------+-------++-------
Melee: Hand axe          |   100 |    37 ||   137
Invok: Depart the Abyss  |     1 |       ||     1
  Use: Scroll            |       |     1 ||     1
       Potion            |       |     1 ||     1
  Eat: Chunk             |     2 |     2 ||     4
Armor: Leather armour    |    26 |       ||    26
       Plate armour      |     6 |    34 ||    40
Dodge: Dodged            |    53 |    25 ||    78

Table legend:
 A = Spawn XP
 B = Non-spawn XP
 C = Spawn XP percentage of total XP
 D = Spawn monster count
 E = Non-spawn monster count
 F = Spawn count percentage of total count
 G = Total turns spent on level
                    A         B        C        D         E        F      G
               +---------+---------+-------+---------+---------+-------+---------
         Total |       0 |      82 |   0.0 |       0 |      39 |   0.0 |  2213
               +---------+---------+-------+---------+---------+-------+---------
           D:1 |       0 |      62 |   0.0 |       0 |      28 |   0.0 |  1356
           D:2 |       0 |      15 |   0.0 |       0 |       8 |   0.0 |   782
           D:3 |       0 |       5 |   0.0 |       0 |       3 |   0.0 |    75
               +---------+---------+-------+---------+---------+-------+---------
